 Dungeon Crawl Stone Soup version 0.31.0-11-ge490571c62 (webtiles) character file.

Game seed: 3776022728324838440

23 browni3141 the Slasher (level 2, 0/24 HPs)
             Began as a Barachi Monk on Feb 1, 2024.
             Was a Believer of Kikubaaqudgha.
             Slain by a water moccasin (9 damage)
             ... on level 5 of the Dungeon.
             The game lasted 00:02:25 (305 turns).

browni3141 the Slasher (Barachi Monk)                Turns: 305, Time: 00:02:26

Health: 0/24       AC:  2    Str:  9 (12) XL:     2   Next: 95%
Magic:  4/4        EV: 12    Int:  8 (10) God:    Kikubaaqudgha [**....]
Gold:   40         SH:  0    Dex: 11 (14) Spells: 0/4 levels left

rFire   . . .        a - +0 falchion
rCold   . . .        d - orb {light}
rNeg    . . .        b - +0 robe
rPois   .            (no helmet)
rElec   .            (no cloak)
rCorr   .            (no gloves)
SInv    .            (no boots)
Will    .....        (no amulet)
Stlth   +            (no ring)
HPRegen 0.24/turn    (no ring)
MPRegen 0.09/turn

%: no passive effects
@: confused, brilliant, lethally poisoned (0 -> -3), ambrosia-drunk, unable to
hop, glowing, slow
A: amphibious, slowness 1, strong legs 1, +LOS
a: Hop, Renounce Religion, Unearth Wretches


You were on level 5 of the Dungeon.
You worshipped Kikubaaqudgha.
Kikubaaqudgha was pleased with you.
You visited 2 branches of the dungeon, and saw 6 of its levels.

You collected 40 gold pieces.

Inventory:

Hand Weapons
 a - a +0 falchion (weapon)
Armour
 b - a +0 robe (worn)
 d - an orb of light (worn)
Scrolls
 g - 2 scrolls of teleportation {unknown}
 i - a scroll of silence {unknown}


   Skills:
 - Level 3.6 Fighting
 - Level 3.6 Long Blades
 - Level 3.3 Dodging
 * Level 1.5 Spellcasting
 * Level 1.3 Necromancy


You couldn't memorise any spells.
You knew the following spells:

 Your Spells              Type           Power      Damage    Failure   Level
a - Sublimation of Blood  Necr           4%         N/A       32%         2
b - Cigotuvi's Dreadful   Necr/Alch/Air  4%         N/A       43%         2

Your spell library contained the following spells:

 Spells                   Type           Power      Damage    Failure   Level
 Necrotise                Necr           16%        1d4       22%         1
 Animate Dead             Necr           4%         N/A       91%         4


Dungeon Overview and Level Annotations

Branches:
Dungeon (5/15)             Temple (1/1) D:4

Altars:
Cheibriados
Elyvilon
Gozag
Kikubaaqudgha
Makhleb
Nemelex Xobeh
Okawaru
Qazlal
Ru
Sif Muna
Trog
Vehumet
Wu Jian
The Shining One


Innate Abilities, Weirdness & Mutations

You are amphibious.
You cover ground slowly.
You can hop short distances.
You have an extended range of vision and can be seen from far away.


Message History

No target in view!
Found an iron altar of Okawaru.
You see here a scroll labelled ICSOEZO YCAV.
g - 2 scrolls labelled ICSOEZO YCAV (gained 1)
An endoplasm comes into view.
The endoplasm quivers.
You see here a fizzy puce potion.
h - a fizzy puce potion The endoplasm jiggles.
Found a stone staircase leading down.
There is a stone staircase leading down here.
You climb downwards.
The hobgoblin shouts!
There is a stone staircase leading up here.
You see here a +0 leather armour.
You hit the hobgoblin.
You kill the hobgoblin!
Found a stone staircase leading down.
A scorpion comes into view.
The scorpion moves out of view.
Found a stone staircase leading up.
You open the door.
Found a scroll labelled MOWE VECRY.
Found a staircase to the Ecumenical Temple.
There is an open door here.
You see here a scroll labelled MOWE VECRY.
i - a scroll labelled MOWE VECRY You open the door.
There is an open door here.
There is a staircase to the Ecumenical Temple here.
You climb downwards.
Welcome to the Ecumenical Temple!
Found four altars.
Found a staircase back to the Dungeon.
There is a staircase back to the Dungeon here.
Found four altars.
There is a bloodstained altar of Trog here.
Found four altars.
There is a burning altar of Makhleb here.
There is an ancient bone altar of Kikubaaqudgha here.
You kneel at the altar of Kikubaaqudgha.
Kikubaaqudgha welcomes you!
You can now bring forth the wretched and dying.
Kikubaaqudgha grants you a gift!
You add the spells Necrotise, Cigotuvi's Dreadful Rot, Sublimation of Blood and Animate Dead to your library.
Kikubaaqudgha is now protecting you from necromantic miscasts and death curses.
This spell is quite dangerous to cast!
You start memorising the spell.
You continue memorising. x2
You finish memorising.
Spell assigned to 'a'.
This spell is quite dangerous to cast!
You start memorising the spell.
You continue memorising. x2
You finish memorising.
Spell assigned to 'b'.
Okay, then.
Cast which spell? (? or * to list)
Okay, then.
Hop to where?
Press: ? - help, Dir - move target Boing!
There is a staircase back to the Dungeon here.
You climb upwards.
Welcome back to the Dungeon!
There is a staircase to the Ecumenical Temple here.
There is an open door here.
You open the door.
There is an open door here.
A goblin comes into view. It is wielding a +0 club.
The goblin shouts!
Found a stone staircase leading down.
The goblin hits you but does no damage.
You closely miss the goblin. The goblin closely misses you.
You slash the goblin!
You kill the goblin!
Kikubaaqudgha accepts your kill.
No target in view!
Things that are here:
a +0 club; a goblin corpse
There is a stone staircase leading down here.
You climb downwards.
There is a stone staircase leading up here.
You see here 15 gold pieces.
You now have 40 gold pieces (gained 15).
A water moccasin comes into view.
The water moccasin hisses angrily.
It was a potion of degeneration.
There was something very wrong with that liquid.
You feel weakened.
You feel dopey.
You feel clumsy.
It was a potion of brilliance.
You feel clever all of a sudden.
It was a potion of heal wounds.
You feel much better. The water moccasin barely misses you.
The water moccasin bites you!
You are poisoned.
The water moccasin poisons you!
Your legs are too worn out to hop.
You feel very sick.
You feel sick. The water moccasin closely misses you.
You hit the water moccasin.
The water moccasin is lightly wounded.
You feel sick. The water moccasin bites you!
You are confused.
You feel invigorated.
You feel sick. The water moccasin misses you.
The water moccasin barely misses you.
You bump into the rock wall.
You feel sick. The water moccasin bites you!
You die...
Kikubaaqudgha rasps: "You have failed me!
Welcome... death!"

#....... .....#
.....##
####...[..
###.....#
#.......#
##.##....#
#####..##....####
#..<..###...@...#
#.....#
#....S#.##
#.....#
#........#
#.....#
#....##........
#.....# ######
#....##. #.....#
##...# #.....#
.... #...... #..
#.....# .


You could see a water moccasin.

Vanquished Creatures
  An adder (D:3)
  2 endoplasms (D:3)
  A goblin (D:4)
  2 hobgoblins
  A kobold (D:3)
  2 quokkas (D:3)
  A bat (D:1)
  2 rats (D:3)
12 creatures vanquished.

Notes
Turn   | Place    | Note
-------+----------+-------------------------------------------
     0 | D:1      | browni3141 the Barachi Monk began the quest for the Orb.
     0 | D:1      | Reached XP level 1. HP: 18/18 MP: 1/1
   147 | D:3      | Reached skill level 1 in Spellcasting
   147 | D:3      | Reached XP level 2. HP: 23/24 MP: 1/3
   161 | D:3      | Reached skill level 1 in Necromancy
   164 | D:3      | Found an iron altar of Okawaru.
   221 | D:4      | Noticed a scorpion
   223 | D:4      | Found a staircase to the Ecumenical Temple.
   236 | Temple   | Entered the Ecumenical Temple
   249 | Temple   | Became a worshipper of Kikubaaqudgha
   249 | Temple   | Reached * piety under Kikubaaqudgha
   249 | Temple   | Received a gift from Kikubaaqudgha
   249 | Temple   | Reached ** piety under Kikubaaqudgha
   253 | Temple   | Learned a level 2 spell: Sublimation of Blood
   256 | Temple   | Learned a level 2 spell: Cigotuvi's Dreadful Rot
   285 | D:5      | Entered Level 5 of the Dungeon
   296 | D:5      | Noticed a water moccasin
   305 | D:5      | Slain by a water moccasin

Illustrated notes

Levels and vault maps discovered:
D:1:      wander_arrival_lonely_grave, layout_loops_ring, minmay_hexomino_u4
D:2:      layout_loops_cross, uniq_natasha
D:3:      layout_loops_ring, okawaru_trees_2, gammafunk_temple_overflow_elements
D:4:      layout_basic, amcnicky_altar_gilded, minmay_temple_entry_glassed_door,
          gammafunk_ghost_arena, wad_floor_pattern_untrapped,
          nicolae_concentric_dashed_squares_mild
D:5:      layout_rooms, uniq_eustachio, uniq_menkaure
Temple:   nicolae_temple_ecumenical_triangle

Skill      XL: |  1  2 |
---------------+-------+-----
Spellcasting   | 1 |  1.5
Necromancy     | 1 |  1.3
Fighting       | |  3.6
Long Blades    | |  3.6
Dodging        | |  3.3

Action                     || total
---------------------------++-------
  Melee: Falchion          ||    34
Ability: Hop               ||     1
    Use: Potion            ||     4
 Armour: Robe              ||    17
  Dodge: Dodged            ||    35
